 Dungeon Crawl Stone Soup version 0.26.1-2-gb8aa6d0cf2 (webtiles) character file.

Game seed: 4431311881797667496

2163 rel the Slicer (level 9, -7/55 HPs)
             Began as a Kobold Berserker on Mar 18, 2021.
             Was an Elder of Trog.
             Mangled by a yak (12 damage)
             ... on level 6 of the Dungeon.
             The game lasted 00:21:20 (6950 turns).

rel the Slicer (Kobold Berserker)                   Turns: 6950, Time: 00:21:21

Health: -7/55      AC: 12    Str: 15    XL:     9   Next: 57%
Magic:  9/9        EV: 18    Int: 10    God:    Trog [****..]
Gold:   425        SH:  0    Dex: 15    Spells: 8/8 levels left

rFire    . . .     SeeInvis .   D - +1 dagger (elec)
rCold    . . .     Faith    .   (shield restricted)
rNeg     . . .     Spirit   .   d - +0 leather armour
rPois    +         Reflect  .   (no helmet)
rElec    .         Harm     .   l - +1 cloak
rCorr    .         Rampage  .   n - +0 pair of gloves
Will     .....                  s - +1 pair of boots
Stlth    ++++......             (no amulet)
HPRegen  0.18/turn              f - ring of poison resistance
MPRegen  0.11/turn              h - +4 ring of protection

@: about to teleport, berserk cooldown, very slightly contaminated, slowed,
studying Shields, invisible, very slow
A: small, nightstalker 3
a: Renounce Religion, Berserk, Trog's Hand, Brothers in Arms


You were on level 6 of the Dungeon.
You worshipped Trog.
Trog was greatly pleased with you.
You visited 1 branch of the dungeon, and saw 6 of its levels.

You collected 425 gold pieces.

Inventory:

Hand Weapons
 a - a +0 short sword
 c - a +0 short sword of venom
 D - a +1 dagger of electrocution (weapon)
Armour
 d - a +0 leather armour (worn)
 g - a +0 chain mail
 l - a +1 cloak (worn)
 n - a +0 pair of gloves (worn)
 s - a +1 pair of boots (worn)
Jewellery
 f - a ring of poison resistance (left hand)
 h - a +4 ring of protection (right hand)
Wands
 j - a wand of flame (15)
 t - a wand of digging (1)
 u - a wand of polymorph (6)
 y - a wand of acid (4)
Scrolls
 x - a scroll of teleportation
 B - 3 scrolls of remove curse
Potions
 b - 2 potions of attraction {unknown}
 e - a potion of brilliance {unknown}
 i - 3 potions of degeneration {unknown}
 k - 3 potions of berserk rage
 m - 2 potions of curing
 o - a potion of mutation {unknown}
 p - 2 potions of lignification {unknown}
 q - 2 potions of ambrosia
 v - 3 potions of flight {unknown}
Books
 z - a manual of Shields


   Skills:
 + Level 6.0 Fighting
 + Level 10.3 Short Blades
 + Level 3.4 Armour
 + Level 6.9 Dodging
 + Level 6.3 Stealth
 + Level 1.7 Unarmed Combat


You had 8 spell levels left.
You didn't know any spells.
Your spell library was empty.

Dungeon Overview and Level Annotations

Branches:
Dungeon (6/15)             Temple (0/1) D:6

Altars:
Elyvilon
Gozag
Trog
Vehumet
Zin

Shops:
D:4 [


Innate Abilities, Weirdness & Mutations

You are small and have problems with some larger weapons.
You are completely attuned to the shadows.


Message History

The yak snorts and paws the ground.
The yak gores you. The yak barely misses you.
You barely miss the yak.
You are no longer berserk.
You are exhausted.
You feel yourself slow down.
You feel better. The yak gores you!
* * * LOW HITPOINT WARNING * * *
The yak closely misses you. The yak misses you. The yak gores you!
* * * LOW HITPOINT WARNING * * *
The yak closely misses you. x2; The orc wizard barely misses you.
You fade into invisibility!
The yak closely misses you. The yak completely misses you.
The orc wizard misses you. The yak gores you but does no damage.
You are very lightly contaminated with residual magic.
Unknown command.
Okay, then.
As you read the scroll of teleportation, it crumbles to dust.
You feel strangely unstable. The yak barely misses you. The yak gores you!
You die...

....### ...## ....###
#.....## #.........
###†.....#...........
###......#...........
##...................
.#.....###....)YY)...
...###..##.....Y@....
...##..#...^..#o#....
....##.#........###..
.................# .
#####........#...#
#.........#.###
#....##..# #.<..# ##
#.....


You could see 3 yaks and an orc wizard.

Vanquished Creatures
  The ghost of noodleboyJ the Skirmisher, an amateur DrAK of Lugonu (D:4)
  Grinder (D:4)
  Edmund (D:5)
  3 phantoms
  An ogre (D:4)
  A big kobold (D:3)
  A bullfrog (D:6)
  A scorpion (D:5)
  A howler monkey (D:6)
  A jelly (D:6)
  6 orc wizards
  A gnoll shaman (D:4)
  5 hounds
  5 orc priests
  A bullfrog skeleton (D:6)
  Crazy Yiuf (D:3)
  A centaur skeleton (D:3)
  Terence (D:3)
  3 worker ants
  A hound zombie (D:5)
  2 hound skeletons
  13 gnolls
  10 adders
  2 ufetubi (D:5)
  An ooze (D:2)
  A worm (D:3)
  4 dart slugs
  16 orcs
  2 ball pythons (D:1)
  2 giant cockroaches
  6 goblins
  8 hobgoblins
  7 jackals
  2 quokkas
  4 bats
  5 frilled lizards
  19 kobolds
  2 quokka skeletons
  4 rats
147 creatures vanquished.

Vanquished Creatures (others)
  A giant cockroach (D:3)
  6 plants (D:4)
7 creatures vanquished.

Grand Total: 154 creatures vanquished

Notes
Turn   | Place    | Note
-------+----------+-------------------------------------------
     0 | D:1      | rel the Kobold Berserker began the quest for the Orb.
     0 | D:1      | Reached XP level 1. HP: 14/14 MP: 1/1
   470 | D:1      | Reached XP level 2. HP: 19/19 MP: 2/2
  1227 | D:1      | Reached XP level 3. HP: 24/24 MP: 3/3
  1688 | D:2      | Reached skill level 5 in Short Blades
  1688 | D:2      | Reached XP level 4. HP: 24/29 MP: 4/4
  1692 | D:2      | Reached skill level 1 in Stealth
  2180 | D:2      | Reached ** piety under Trog
  2525 | D:2      | Reached XP level 5. HP: 27/33 MP: 5/5
  2764 | D:3      | Found a runed translucent door.
  2767 | D:3      | Noticed Crazy Yiuf
  2772 | D:3      | Killed Crazy Yiuf
  2884 | D:3      | Reached XP level 6. HP: 22/38 MP: 6/6
  2951 | D:3      | Reached skill level 6 in Short Blades
  3451 | D:3      | Noticed Terence
  3461 | D:3      | Killed Terence
  3631 | D:3      | Found a radiant altar of Vehumet.
  3948 | D:3      | Reached *** piety under Trog
  4214 | D:3      | Reached XP level 7. HP: 44/44 MP: 7/7
  4388 | D:4      | Noticed Grinder
  4422 | D:4      | Killed Grinder
  4423 | D:4      | Reached skill level 7 in Short Blades
  4575 | D:4      | Identified the cursed +1 chain mail "Beutaor" {Regen+ Str-5
                  | Dex+7 Stlth+}
  4726 | D:4      | Reached skill level 1 in Unarmed Combat
  4753 | D:4      | Found a transporter.
  4764 | D:4      | Found a transporter.
  4813 | D:4      | Reached XP level 8. HP: 36/48 MP: 8/8
  4831 | D:4      | Noticed noodleboyJ's ghost (amateur DrAK)
  4850 | D:4      | Reached skill level 5 in Fighting
  4850 | D:4      | Reached skill level 8 in Short Blades
  4873 | D:4      | Killed noodleboyJ's ghost
  4874 | D:4      | Reached skill level 5 in Dodging
  5033 | D:4      | Found a white marble altar of Elyvilon.
  5208 | D:4      | Found a bloodstained altar of Trog.
  5342 | D:4      | Found Itiejado's Armour Shoppe.
  5529 | D:5      | Entered Level 5 of the Dungeon
  5562 | D:5      | Reached skill level 9 in Short Blades
  5612 | D:5      | Found a glowing silver altar of Zin.
  5799 | D:5      | Noticed Edmund
  5837 | D:5      | Killed Edmund
  5838 | D:5      | Reached XP level 9. HP: 54/54 MP: 9/9
  5849 | D:5      | Reached skill level 5 in Stealth
  6152 | D:5      | Reached **** piety under Trog
  6447 | D:5      | Found an opulent altar of Gozag.
  6574 | D:6      | Reached skill level 10 in Short Blades
  6728 | D:6      | Found a staircase to the Ecumenical Temple.
  6950 | D:6      | Mangled by a yak

Illustrated notes

Levels and vault maps discovered:
D:1:      lemuel_arrival_behind_the_door_small, layout_basic
D:2:      layout_basic
D:3:      cheibrodos_thug_alley, layout_basic, fiery_altar_vehumet,
          uniq_crazy_yiuf_cottage, uniq_terence
D:4:      layout_cave_pools, grunt_temple_overflow_open, serial_shops, shop,
          gammafunk_ghost_gnarly_gnolls, uniq_grinder
D:5:      layout_rooms, pdpol_temple_overflow_zin_treasury_gozag_greed,
          uniq_edmund
D:6:      layout_cave_pools, gammafunk_temple_overflow_claw,
          minmay_temple_entry_large_hall, fedhas_altar_4

Skill      XL: |  1  2  3  4  5  6  7  8  9 |
---------------+----------------------------+-----
Fighting       | 4 5 6 |  6.0
Short Blades   | 5 6 7 9 10 | 10.3
Stealth        | 1 2 3 4 6 |  6.3
Dodging        | 3 4 5 6 |  6.9
Armour         | 2 3 |  3.4
Unarmed Combat | 1 |  1.7

Action                   |  1- 3 |  4- 6 |  7- 9 || total
-------------------------+-------+-------+-------++-------
Melee: Short sword       |    71 |   190 |   273 ||   534
       Unarmed           |       |       |    23 ||    23
       Punch             |       |       |     1 ||     1
       Dagger            |       |       |    77 ||    77
Invok: Berserk           |     2 |     4 |     7 ||    13
  Use: Scroll            |     1 |     8 |     9 ||    18
       Potion            |       |     2 |     5 ||     7
 Stab: Sleeping          |     3 |     6 |     3 ||    12
       Distracted        |       |     1 |     1 ||     2
       Invisible         |       |       |     4 ||     4
Armor: Animal skin       |     1 |       |       ||     1
       Leather armour    |    15 |    33 |   105 ||   153
       Skin              |       |       |     2 ||     2
Dodge: Dodged            |    54 |   116 |   329 ||   499
